 Dungeon Crawl Stone Soup version 0.32-a0-799-g95e1662365 (webtiles) character file.

Game seed: 10516354587056363708

371 Berder the Apothecary (level 6, -4/36 HPs)
             Began as an Octopode Alchemist on Mar 21, 2024.
             Was an Initiate of Vehumet.
             Killed by divine providence
             ... invoked by an orc priest
              (16 damage)
             ... on level 5 of the Dungeon.
             The game lasted 00:07:39 (4266 turns).

Berder the Apothecary (Octopode Alchemist)          Turns: 4266, Time: 00:07:39

Health: -4/36      AC:  1    Str:  7    XL:     6   Next: 71%
Magic:  7/11       EV: 12    Int: 19    God:    Vehumet [......]
Gold:   237        SH:  0    Dex: 13    Spells: 2/12 levels left

rFire   . . .        k - +4 mace (holy)
rCold   + . .        (no shield)
rNeg    . . .        (helmet restricted)
rPois   .            s - amulet of regeneration
rElec   .            l - ring of protection from cold
rCorr   .            j - ring of wizardry
SInv    .            (no ring)
Will    .....        (no ring)
Stlth   +++          (no ring)
HPRegen 1.06/turn    (no ring)
MPRegen 0.12/turn    (no ring)
                     (no ring)

%: wizardry (x1)
@: no status effects
A: almost no armour, amphibious, 8 rings, camouflage 1, gelatinous body 1,
(nimble swimmer 1), tentacles
a: Renounce Religion


You were on level 5 of the Dungeon.
You worshipped Vehumet.
Vehumet was noncommittal.
You visited 1 branch of the dungeon, and saw 5 of its levels.

You collected 237 gold pieces.

Inventory:

Hand Weapons
 k - a +4 mace of holy wrath (weapon)
Missiles
 z - a throwing net
Armour
 d - a +0 buckler
Magical Staves
 i - a staff of earth
 n - a staff of fire
Jewellery
 g - an amulet of guardian spirit
 j - a ring of wizardry (right tentacle)
 l - a ring of protection from cold (left tentacle)
 o - a ring of fire
 s - an amulet of regeneration (around mantle)
Wands
 y - a wand of quicksilver (9)
 A - a wand of charming (10)
Scrolls
 c - a scroll of amnesia {unknown}
 f - 4 scrolls of enchant armour {unknown}
 h - a scroll of fog {unknown}
 m - a scroll of teleportation {unknown}
 p - a scroll of butterflies {unknown}
 r - a scroll of identify {unknown}
 x - a scroll of fear {unknown}
Potions
 a - 2 potions of magic
 b - 3 potions of curing {unknown}
 e - a potion of heal wounds {unknown}
 q - a potion of brilliance {unknown}
 t - 3 potions of lignification {unknown}
 u - a potion of haste {unknown}
 v - 2 potions of attraction {unknown}
 w - a potion of might {unknown}


   Skills:
 - Level 2.0 Dodging
 - Level 2.6 Stealth
 + Level 3.7 Spellcasting
 - Level 3.0 Conjurations
 - Level 3.0 Air Magic
 - Level 5.0 Alchemy


You had 2 spell levels left.
You knew the following spells:

 Your Spells              Type           Power      Damage    Failure   Level
a - Sting                 Conj/Alch      72%        1d7       1%          1
b - Olgreb's Toxic Radia  Alch           22%        N/A       8%          4
c - Mephitic Cloud        Conj/Alch/Air  17%        N/A       4%          3
d - Mercury Vapours       Alch/Air       36%        N/A       1%          2

Your spell library contained the following spells:

 Spells                   Type           Power      Damage    Failure   Level
 Magic Dart               Conj           56%        1d5       1%          1
 Freeze                   Ice            12%        1d3       6%          1
 Summon Small Mammal      Summ           12%        N/A       6%          1
 Blink                    Tloc           6%         N/A       9%          2
 Call Imp                 Summ           6%         N/A       9%          2
 Hailstorm                Conj/Ice       9%         3d6       9%          3
 Call Canine Familiar     Summ           3%         N/A       16%         3
 Frozen Ramparts          Ice            6%         1d1       16%         3
 Summon Ice Beast         Ice/Summ       3%         N/A       16%         3
 Sticky Flame             Fire/Alch      13%        2d5       21%         4
 Summon Blazeheart Golem  Fire/Summ      3%         N/A       45%         4
 Summon Mana Viper        Hex/Summ       3%         N/A       80%         5
 Monstrous Menagerie      Summ           1%         N/A       100%        7


Dungeon Overview and Level Annotations

Branches:
Dungeon (5/15)             Temple (0/1) D:4

Altars:
Elyvilon
Vehumet
Xom
Yredelemnul


Innate Abilities, Weirdness & Mutations

You cannot wear most types of armour.
You are amphibious.
You can wear up to eight rings at the same time.
Your skin changes colour to match your surroundings (Stealth+).
Your rubbery body absorbs attacks. (AC +1, EV +1)
((You are camouflaged when in or above water. (Stealth+)))
You have tentacles for arms and can constrict up to eight enemies at once.


Message History

The orc priest calls down the wrath of Beogh upon you.
Beogh smites you!
There is a stone staircase leading up, spattered with blood here.
Things that are here:
a +0 scale mail; a +0 club
Casting: Sting (safe; 1% risk of failure)
Confirm with . or Enter, or press ? or * to list all spells.
Aiming: Sting (safe; 1% risk of failure)
Press: ? - help, Shift-Dir - straight line, f - orc priest
Aim: an orc priest, wielding a +0 club (74% to hit)
The sting hits the orc priest!
The orc priest is poisoned.
The orc priest is heavily wounded.
The orc priest invokes the aid of Beogh against you.
Pain shoots through your body!
Casting: Sting (safe; 1% risk of failure)
Confirm with . or Enter, or press ? or * to list all spells.
Aiming: Sting (safe; 1% risk of failure)
Press: ? - help, Shift-Dir - straight line, f/p - orc priest
Aim: an orc priest, wielding a +0 club (heavily wounded, poisoned, 74% to hit)
The sting hits the orc priest.
The orc priest looks even sicker.
The orc priest is heavily wounded.
The orc priest miscasts a cantrip.
Casting: Sting (safe; 1% risk of failure)
Confirm with . or Enter, or press ? or * to list all spells.
Aiming: Sting (safe; 1% risk of failure)
Press: ? - help, Shift-Dir - straight line, f/p - orc priest
Aim: an orc priest, wielding a +0 club (heavily wounded, very poisoned, 74% to hit)
The sting hits the orc priest.
The orc priest looks even sicker.
The orc priest is almost dead.
The orc priest mumbles some strange prayers to Beogh against you.
Beogh smites you!
Casting: Sting (safe; 1% risk of failure)
Confirm with . or Enter, or press ? or * to list all spells.
Aiming: Sting (safe; 1% risk of failure)
Press: ? - help, Shift-Dir - straight line, f/p - orc priest
Aim: an orc priest, wielding a +0 club (almost dead, very poisoned, 74% to hit)
The sting misses the orc priest.
The orc priest calls down the wrath of Beogh upon you.
Beogh smites you!
You die...

#....###############
#....#......)#.....##
#....#...<...#......#
#....#.......#......#
#....#.......'......#
#....#.......#......#
###'##.......#......#
#.........)..#.....##
#........@...#.....##...
#............#......#... .
#.......o....#......#..
...#+##............#......#..
........##+###.######+#####.#
........'.........##.....##.#
........#.................#.#
........#.................'.#
+#......#.........##....<##.#


You could see an orc priest (very poisoned).

Vanquished Creatures
  A hound (D:4)
  An orc priest (D:4)
  A bombardier beetle (D:2)
  A gnoll bouda (D:4)
  An orc wizard (D:3)
  10 adders
  3 gnolls (D:4)
  A ribbon worm (D:3)
  3 dart slugs
  16 orcs
  5 endoplasms
  4 giant cockroaches
  8 goblins
  9 hobgoblins
  A quokka (D:3)
  9 ball pythons
  3 bats
  3 frilled lizards
  6 kobolds
  4 rats
90 creatures vanquished.

Notes
Turn   | Place    | Note
-------+----------+-------------------------------------------
     0 | D:1      | Berder the Octopode Alchemist began the quest for the Orb.
     0 | D:1      | Reached XP level 1. HP: 11/11 MP: 3/3
   323 | D:1      | Reached XP level 2. HP: 17/17 MP: 3/5
   348 | D:1      | Learned a level 2 spell: Mercury Vapours
  1093 | D:2      | Reached XP level 3. HP: 21/21 MP: 0/6
  1151 | D:2      | Learned a level 3 spell: Mephitic Cloud
  1330 | D:2      | Found a basalt altar of Yredelemnul.
  1577 | D:2      | Reached XP level 4. HP: 21/27 MP: 3/7
  1736 | D:2      | Reached skill level 1 in Air Magic
  2244 | D:3      | Reached skill level 4 in Alchemy
  2244 | D:3      | Reached XP level 5. HP: 31/31 MP: 5/9
  2968 | D:3      | Found a shimmering altar of Xom.
  3046 | D:4      | Found a radiant altar of Vehumet.
  3058 | D:4      | Became a worshipper of Vehumet
  3147 | D:4      | Reached XP level 6. HP: 28/36 MP: 4/10
  3314 | D:4      | Learned a level 4 spell: Olgreb's Toxic Radiance
  3363 | D:4      | Found a staircase to the Ecumenical Temple.
  3402 | D:4      | Found a white marble altar of Elyvilon.
  4140 | D:5      | Entered Level 5 of the Dungeon
  4165 | D:5      | Noticed a black bear
  4241 | D:5      | Reached skill level 5 in Alchemy
  4266 | D:5      | Killed from afar by an orc priest

Illustrated notes

Levels and vault maps discovered:
D:1:      kennysheep_arrival_seaside, layout_basic, minmay_hexomino_f4
D:2:      layout_rooms, basic_altar, roderic_nine_men_s_morris
D:3:      layout_loops_ring, xom_teletrap_fun
D:4:      layout_layer_cave, elyvilon_altar_3, nicolae_vehumet_radiance,
          minmay_temple_entry_gardened_gates
D:5:      layout_gridville, mainiacjoe_overflow_paths

Skill      XL: |  1  2  3  4  5  6 |
---------------+-------------------+-----
Conjurations   | 2 3 |  3.0
Air Magic      | 1 2 3 |  3.0
Alchemy        | 4 5 |  5.0
Spellcasting   | 3 |  3.7
Dodging        | |  2.0
Stealth        | |  2.6

Action                     |  1- 3 |  4- 6 || total
---------------------------+-------+-------++-------
  Melee: Mace              |     1 |    16 ||    17
         Constrict         |       |     6 ||     6
         Tentacles         |       |     3 ||     3
   Cast: Sting             |    49 |   120 ||   169
         Mephitic Cloud    |       |     1 ||     1
         Olgreb's Toxic Ra |       |     1 ||     1
 Armour: Skin              |     7 |    22 ||    29
  Dodge: Dodged            |    18 |    26 ||    44

Table legend: (Time is in decaauts)
 A = Elapsed time spent in this place.
 B = Non-inter-level travel time spent in this place.
 C = Inter-level travel time spent in this place.
 D = Time resting spent in this place.
 E = Time spent auto-exploring this place.
 F = Levels seen in this place.
 G = Mean time per level.
                   A        B        C        D        E       F      G
               +--------+--------+--------+--------+--------+-----+--------+
         Total |   4272 |   4087 |    185 |    880 |   2317 |   5 |  854.4 |
       Dungeon |   4272 |   4087 |    185 |    880 |   2317 |   5 |  854.4 |
               +--------+--------+--------+--------+--------+-----+--------+

Top non-repeatable levels by time:
     D:4: 1128 daAuts
     D:1: 1039 daAuts
     D:2: 1020 daAuts
     D:3: 982 daAuts
     D:5: 102 daAuts
